 Dungeon Crawl Stone Soup version 0.29-a0-617-g7a6b98fccd (webtiles) character file.

Game seed: 4738640043473906235

19271 valliere the Cleaver (level 12, -4/99 HPs)
             Began as a Minotaur Fighter on June 17, 2022.
             Was a High Priest of Hepliaklqana.
             Slain by an eight-headed hydra (10 damage)
             ... on level 2 of the Lair of Beasts.
             The game lasted 00:35:35 (12928 turns).

valliere the Cleaver (Minotaur Fighter)            Turns: 12928, Time: 00:35:36

Health: -4/99      AC: 15    Str: 25    XL:     12   Next: 35%
Magic:  13/13      EV: 13    Int:  4    God:    Hepliaklqana [*****.]
Gold:   922        SH:  7    Dex: 17    Spells: 11/11 levels left

rFire   x . .      SeeInvis .   J - +2 hand axe (elec)
rCold   . . .      Faith    .   c - +0 buckler
rNeg    + . .      Spirit   .   M - +2 ring mail of the Beekeeper {+Blink rF- Regen+}
rPois   +          Reflect  .   (helmet restricted)
rElec   .          Harm     .   r - +2 ratskin cloak {*Rats rPois rN+ Str-1 Int-1 Dex+1}
rCorr   .          Rampage  .   T - +0 pair of gloves
Will    .....                   N - +0 pair of boots
Stlth   +.........              (no amulet)
HPRegen 1.06/turn               g - +6 ring of dexterity
MPRegen 0.13/turn               I - ring of wizardry

@: no status effects
A: reduced essence, horns 2, retaliatory headbutt
a: Renounce Religion, Evoke Blink, Recall Ancestor, Ancestor Identity,
Transference, Idealise


You were on level 2 of the Lair of Beasts.
You worshipped Hepliaklqana.
Hepliaklqana was extremely pleased with you.
You visited 3 branches of the dungeon, and saw 14 of its levels.
You also visited: Ossuary.

You collected 922 gold pieces.

Inventory:

Hand Weapons
 J - a +2 hand axe of electrocution (weapon)
Missiles
 q - a throwing net (quivered)
Armour
 c - a +0 buckler (worn)
 o - a +1 ring mail of positive energy
 r - the +2 ratskin cloak (worn) {*Rats rPois rN+ Str-1 Int-1 Dex+1}
   (You found it on level 4 of the Dungeon)

   When the wearer is hurt, rats may emerge from it to assist them.
   Str:       It affects your strength (-1).
   Int:       It affects your intelligence (-1).
   Dex:       It affects your dexterity (+1).
   rPois:     It protects you from poison.
   rN:        It protects you from negative energy.
 y - a +4 scale mail
 L - a +0 plate armour
 M - the +2 ring mail of the Beekeeper (worn) {+Blink rF- Regen+}
   (You found it on level 9 of the Dungeon)

   rF:        It makes you vulnerable to fire.
   +Blink:    It lets you blink.
   Regen:     It increases your rate of health regeneration.
 N - a +0 pair of boots (worn)
 T - a +0 pair of gloves (worn)
Jewellery
 g - a +6 ring of dexterity (left hand)
 I - a ring of wizardry (right hand)
 K - an amulet of magic regeneration
 Q - an amulet of faith
Wands
 a - a wand of iceblast (3)
 m - a wand of mindburst (34)
 z - a wand of flame (17)
 P - a wand of quicksilver (7)
 R - a wand of paralysis (4)
Scrolls
 f - a scroll of identify
 i - 4 scrolls of enchant armour
 j - 9 scrolls of teleportation
 k - 3 scrolls of immolation
 l - 4 scrolls of amnesia
 n - 2 scrolls of poison
 s - 2 scrolls of torment
 u - 6 scrolls of fear
 v - 3 scrolls of magic mapping
 C - a scroll of enchant weapon
 F - 3 scrolls of vulnerability
 H - a scroll of blinking {unknown}
Potions
 b - a potion of haste {unknown}
 d - 4 potions of might
 e - 6 potions of lignification
 h - 7 potions of heal wounds
 p - 3 potions of attraction {unknown}
 t - 4 potions of degeneration
 x - 3 potions of berserk rage {unknown}
 A - 5 potions of curing
 B - 3 potions of resistance {unknown}
 D - 4 potions of ambrosia
 E - a potion of invisibility {unknown}
 G - a potion of flight {unknown}
 O - a potion of magic {unknown}
 S - a potion of cancellation {unknown}


   Skills:
 * Level 11.6 Fighting
 * Level 14.3 Axes
 + Level 10.8 Armour
 + Level 5.1 Dodging
 + Level 10.8 Shields
 + Level 3.1 Invocations
 + Level 4.2 Evocations


You had 11 spell levels left.
You didn't know any spells.
Your spell library contained the following spells:

 Spells                   Type           Power      Damage    Failure   Level
 Necrotize                Necr           0%         1d4       34%         1
 Shock                    Conj/Air       0%         1d3       34%         1
 Poisonous Vapours        Pois/Air       0%         N/A       47%         2
 Static Discharge         Conj/Air       0%         N/A       47%         2
 Dazzling Flash           Conj/Hex       0%         N/A       71%         3
 Swiftness                Air            0%         N/A       71%         3
 Vampiric Draining        Necr           0%         2d6       71%         3
 Airstrike                Air            0%         N/A       97%         4
 Animate Dead             Necr           0%         N/A       97%         4
 Corpse Rot               Necr/Pois/Air  0%         N/A       97%         4
 Dispel Undead            Necr           0%         3d6       97%         4
 Hailstorm                Conj/Ice       0%         3d3       97%         4
 Ice Form                 Ice/Tmut       0%         N/A       97%         4
 Passage of Golubria      Tloc           0%         N/A       97%         4
 Sticky Flame             Conj/Fire      0%         2d3       97%         4
 Agony                    Necr           0%         N/A       100%        5
 Lightning Bolt           Conj/Air       0%         1d11      100%        5
 Silence                  Hex/Air        0%         N/A       100%        5
 Summon Forest            Summ/Tloc      0%         N/A       100%        5
 Death Channel            Necr           0%         N/A       100%        6
 Eringya's Noxious Bog    Tmut/Pois      0%         N/A       100%        6
 Simulacrum               Ice/Necr       0%         N/A       100%        6
 Haunt                    Necr/Summ      0%         N/A       100%        7
 Summon Hydra             Summ           0%         N/A       100%        7
 Discord                  Hex            0%         N/A       100%        8
 Infestation              Necr           0%         N/A       100%        8
 Lehudib's Crystal Spear  Conj/Erth      0%         10d2      100%        8


Dungeon Overview and Level Annotations

Branches:
Dungeon (11/15)            Temple (1/1) D:5            Lair (2/6) D:11
 Shoals (0/4) Lair:2      Ossuary (visited)
  Snake: Lair:2-4    Spider: Lair:2-4       Orc: D:9-12

Altars:
Ashenzari
Cheibriados
Dithmenos
Elyvilon
Fedhas
Gozag
Hepliaklqana
Kikubaaqudgha
Makhleb
Nemelex Xobeh
Okawaru
Qazlal
Ru
Sif Muna
Trog
Uskayaw
Vehumet
Wu Jian
Xom
Yredelemnul
Zin
The Shining One

Annotations:
D:8 1 runed translucent door, Taurus's ghost, novice MiFi
Lair:2 3 runed translucent doors, bande's ghost, journeyman GrFi; valliere's ghost, journeyman FoFi


Innate Abilities, Weirdness & Mutations

Your life essence is reduced to manifest your ancestor. (-10% HP)
You have a pair of horns on your head.
You reflexively headbutt those who attack you in melee.


Message History

The seven-headed hydra barely misses you.
The seven-headed hydra bites you.
The seven-headed hydra bites you but does no damage.
The seven-headed hydra barely misses you.
You lop one of the seven-headed hydra's heads off!
The six-headed hydra grows two more!
You hit the eight-headed hydra.
The eight-headed hydra is severely wounded.
Your hell rat bites the wyvern!
The eight-headed hydra bites you! The eight-headed hydra bites you.
The eight-headed hydra bites you!
The eight-headed hydra bites you but does no damage. x2
You block the eight-headed hydra's attack. x2
The eight-headed hydra bites you but does no damage.
Okay, then.
As you read the scroll of summoning, it crumbles to dust.
Wisps of shadow whirl around you...
The wyvern bites you but does no damage.
Your river rat bites the wyvern but does no damage.
Your hell rat closely misses the wyvern.
The eight-headed hydra barely misses you.
You block the eight-headed hydra's attack. x3
The eight-headed hydra closely misses you.
The eight-headed hydra bites you!
* * * LOW HITPOINT WARNING * * *
The eight-headed hydra bites you but does no damage.
The eight-headed hydra bites you.
* * * LOW HITPOINT WARNING * * *
The wyvern bites you.
* * * LOW HITPOINT WARNING * * *
Unknown command.
You swap places.
The eight-headed hydra attacks as you move away!
The eight-headed hydra bites you but does no damage.
The eight-headed hydra closely misses you.
The eight-headed hydra bites you but does no damage.
You block the eight-headed hydra's attack. x2
The eight-headed hydra bites you but does no damage.
The eight-headed hydra bites you!
* * * LOW HITPOINT WARNING * * *
The eight-headed hydra bites you!
You die...

##.....
.###......
...#.#..$.
..#..#....
.......$.##
..........
......r..#
....YYrlD#
.###...@#
..##.#...#
......YlF#
.........#####
.............##
..............#
.....
...###....###..P#
....##...####...#
#..##
.....#.....##...#
##.##


You could see an eight-headed hydra (ally target), a wyvern (ally target), 4
friendly elephants, a friendly komodo dragon (summoned), a friendly bullfrog
(summoned), a friendly hell rat and a friendly river rat.

Vanquished Creatures
  A two-headed ogre (D:10)
  Pikel (D:7)
  A manticore (Lair:2)
  2 black mambas (Lair:1)
  Joseph (D:7)
  A cane toad (Lair:1)
  A torpor snail (Lair:2)
  5 komodo dragons
  A polar bear (Lair:2)
  A troll (D:11)
  A hornet (D:9)
  4 blink frogs (Lair:1)
  A dream sheep (Lair:2)
  A shadow (D:11)
  3 wyverns
  A basilisk (Lair:2)
  24 yaks
  2 vampire mosquitoes (D:10)
  A naga (shapeshifter) (D:11)
  2 acid dragons
  3 water moccasins
  An orc warrior (D:9)
  3 black bears
  4 ogres
  2 ice beasts
  3 wolves (Lair:1)
  A lemure (D:7)
  The ghost of zeratav the Stinger, an amateur OpVM (D:4)
  An elf zombie (Ossuary)
  3 kobold brigands
  10 bullfrogs
  A gnoll sergeant (D:9)
  2 scorpions
  4 killer bees (D:7)
  A howler monkey (D:6)
  2 centaur zombies (Ossuary)
  A human zombie (Ossuary)
  2 jellies (D:5)
  7 orc priests
  A hound (D:7)
  3 iguanas
  6 orc wizards
  2 mummies (Ossuary)
  10 gnolls
  5 adders
  3 white imps
  3 adder zombies (Ossuary)
  2 worms (D:2)
  4 dart slugs
  34 orcs
  7 ball pythons
  6 bats
  4 endoplasms
  3 giant cockroaches
  19 goblins
  10 hobgoblins
  7 jackals (D:4)
  6 quokkas
  3 frilled lizards
  6 hobgoblin zombies (Ossuary)
  19 kobolds
  8 kobold zombies (Ossuary)
  6 orc zombies (Ossuary)
  3 rats
  A rat zombie (Ossuary)
288 creatures vanquished.

Vanquished Creatures (collateral kills)
  A rime drake (Lair:2)
  A komodo dragon (Lair:1)
  A polar bear (Lair:1)
  A wind drake (Lair:2)
  3 blink frogs (Lair:1)
  2 dream sheep (Lair:2)
  2 wyverns
  9 yaks
  A steam dragon (D:7)
  A basilisk (Lair:2)
  2 vampire mosquitoes (D:10)
  2 water moccasins
  An orc warrior (D:9)
  A sky beast (D:7)
  An ice beast (D:7)
  2 ogres (D:6)
  A centaur (D:9)
  A gnoll sergeant (D:10)
  A bullfrog (Lair:2)
  A howler monkey (D:8)
  A centaur zombie (Ossuary)
  An orc priest (D:6)
  3 orc wizards
  6 gnolls
  A shadow imp (D:6)
  11 orcs
  4 kobolds
  3 kobold zombies (Ossuary)
  4 orc zombies (Ossuary)
69 creatures vanquished.

Vanquished Creatures (others)
  4 battlemagi
  An ancestor (D:7)
  A fungus (Lair:1)
  11 plants
  7 withered plants
24 creatures vanquished.

Grand Total: 381 creatures vanquished

Notes
Turn   | Place    | Note
-------+----------+-------------------------------------------
     0 | D:1      | valliere the Minotaur Fighter began the quest for the Orb.
     0 | D:1      | Reached XP level 1. HP: 19/19 MP: 0/0
   144 | D:1      | Found a faded altar of an unknown god.
   231 | D:1      | Reached XP level 2. HP: 27/27 MP: 1/1
   341 | D:2      | Reached skill level 3 in Axes
   483 | D:4      | Found a runed translucent door.
   484 | D:4      | Noticed zeratav's ghost (amateur OpVM)
   526 | D:4      | Found a shimmering blue altar of Sif Muna.
   526 | D:4      | Found a shimmering altar of Xom.
   580 | D:4      | Noticed a scorpion
   586 | D:4      | Killed a scorpion
   587 | D:4      | Reached XP level 3. HP: 31/33 MP: 2/2
   587 | D:4      | Reached XP level 4. HP: 38/40 MP: 3/3
   589 | D:4      | Reached skill level 4 in Axes
  1049 | D:4      | Found a white marble altar of Elyvilon.
  1049 | D:4      | Found the +2 ratskin cloak {*Rats rPois rN+ Str-1 Int-1
                  | Dex+1}
  1106 | D:4      | Noticed a kobold brigand
  1113 | D:4      | Killed a kobold brigand
  1114 | D:4      | Reached XP level 5. HP: 31/47 MP: 4/4
  1253 | D:4      | Noticed an ogre
  1263 | D:4      | HP: 1/47 [ogre/+0 giant club (10)]
  2057 | D:4      | Identified the +1 robe of Parts Unknown {rPois rF- rC-
                  | Will+ Int+8}
  2580 | D:5      | Entered Level 5 of the Dungeon
  2621 | D:5      | Reached skill level 5 in Axes
  2766 | D:5      | Reached XP level 6. HP: 43/55 MP: 5/5
  2889 | D:5      | Reached skill level 5 in Fighting
  2898 | D:5      | Reached skill level 5 in Armour
  2898 | D:5      | Reached skill level 5 in Shields
  3315 | D:5      | Reached skill level 6 in Axes
  3700 | D:5      | Reached XP level 7. HP: 56/61 MP: 6/6
  3954 | D:5      | Found a staircase to the Ecumenical Temple.
  3963 | Temple   | Entered the Ecumenical Temple
  4125 | Temple   | Became a worshipper of Hepliaklqana the Forgotten
  4858 | D:2      | You fall into a shaft and drop 2 floors!
  4918 | D:4      | Killed zeratav's ghost
  5267 | D:2      | Reached * piety under Hepliaklqana
  5996 | D:6      | Reached skill level 7 in Axes
  5999 | D:6      | Reached XP level 8. HP: 63/63 MP: 7/7
  6044 | D:6      | Reached skill level 8 in Axes
  6544 | D:7      | Noticed Pikel
  6554 | D:7      | Killed Pikel
  6555 | D:7      | Reached skill level 9 in Axes
  6555 | D:7      | Reached XP level 9. HP: 67/71 MP: 8/8
  6648 | D:7      | Reached ** piety under Hepliaklqana
  6649 | D:7      | Remembered your ancestor Namzu as a battlemage
  6657 | D:7      | Got the Guide on Feathers and Curses
  6711 | D:7      | Found a sand-covered staircase.
  6716 | Ossuary  | Entered an ossuary
  7134 | D:7      | Reached skill level 10 in Axes
  7141 | D:7      | Found a broken altar of Ashenzari.
  7156 | D:7      | Found a sacrificial altar of Ru.
  7261 | D:7      | Noticed Joseph
  7276 | D:7      | Killed Joseph
  8205 | D:8      | Reached skill level 11 in Axes
  8656 | D:8      | Reached XP level 10. HP: 81/81 MP: 9/9
  8794 | D:8      | Found a runed translucent door.
  9017 | D:8      | Noticed Taurus's ghost (novice MiFi)
  9393 | D:9      | Reached *** piety under Hepliaklqana
  9410 | D:9      | Identified the +2 ring mail of the Beekeeper {+Blink rF-
                  | Regen+}
  9595 | D:9      | Reached skill level 12 in Axes
  9887 | D:10     | Entered Level 10 of the Dungeon
  9992 | D:10     | Found a stormy altar of Qazlal.
 10006 | D:10     | Reached skill level 1 in Dodging
 10009 | D:10     | Reached skill level 1 in Evocations
 10315 | D:10     | Reached **** piety under Hepliaklqana
 10627 | D:10     | Reached XP level 11. HP: 84/89 MP: 10/10
 10654 | D:10     | Noticed a two-headed ogre
 10668 | D:10     | Killed a two-headed ogre
 10806 | D:11     | Found a staircase to the Lair.
 11163 | D:11     | Reached skill level 13 in Axes
 11188 | D:11     | Reached skill level 10 in Armour
 11480 | Lair:1   | Entered Level 1 of the Lair of Beasts
 11482 | Lair:1   | Reached skill level 10 in Fighting
 11482 | Lair:1   | Reached skill level 10 in Shields
 11583 | Lair:1   | Reached skill level 1 in Invocations
 11901 | Lair:1   | Reached ***** piety under Hepliaklqana
 11911 | Lair:1   | Reached XP level 12. HP: 92/99 MP: 12/12
 12253 | Lair:2   | Reached skill level 14 in Axes
 12311 | Lair:2   | Found a runed translucent gate.
 12312 | Lair:2   | Found a runed translucent gate.
 12313 | Lair:2   | Found a runed translucent gate.
 12553 | Lair:2   | Found a staircase to the Shoals.
 12567 | Lair:2   | Reached skill level 5 in Dodging
 12773 | Lair:2   | Noticed valliere's ghost (journeyman FoFi)
 12773 | Lair:2   | Noticed bande's ghost (journeyman GrFi)
 12914 | Lair:2   | Noticed a five-headed hydra
 12928 | Lair:2   | Slain by an eight-headed hydra

Illustrated notes

Levels and vault maps discovered:
D:1:      dpeg_arrival_lava_temple_mockup, layout_basic, basic_ecumenical_altar,
          chequers_garden
D:2:      layout_basic, minmay_hexomino_f4
D:3:      layout_basic, minmay_ogre_servants
D:4:      layout_basic, mainiacjoe_overflow_paths,
          chequers_temple_overflow_statue_of_worship, gammafunk_ghost_grave,
          nrook_uturn, minmay_strange_pillars
D:5:      corexii_shantytown, layout_basic, temple_hall,
          kennysheep_windowed_goal
D:6:      layout_rooms
D:7:      layout_loops_ring, mainiacjoe_overflow_catwalk_spiral,
          enter_ossuary_2, supply_closet_lemuel, roderic_serpentine_path,
          chequers_serial_rivers_micro_d, uniq_pikel, uniq_joseph
D:8:      layout_loops_ring, ebering_ghost_reflecting_pool
D:9:      layout_cave_pools
D:10:     layout_grid_maze, mainiacjoe_overflow_surrounded_room
D:11:     layout_loops_ring, david_lair_shrubbed
Temple:   regret_index_temple_sphere_string
Lair:1:   layout_misc_corridors
Lair:2:   layout_small_grid, minmay_shoals_entry_beasts,
          gammafunk_ghost_cemetery, grunt_megastairs_5, uniq_amaemon

Skill      XL: |  1  2  3  4  5  6  7  8  9 10 11 12 |
---------------+-------------------------------------+-----
Axes           | 3 4 5 6 7 9 11 12 13 14 | 14.3
Fighting       | 4 5 6 7 8 9 11 | 11.6
Armour         | 4 5 6 7 8 9 10 | 10.8
Shields        | 4 5 6 7 8 9 10 | 10.8
Dodging        | 2 4 5 |  5.1
Evocations     | 2 3 4 |  4.2
Invocations    | 2 3 |  3.1

Action                   |  1- 3 |  4- 6 |  7- 9 | 10-12 || total
-------------------------+-------+-------+-------+-------++-------
Melee: War axe           |    38 |   115 |       |       ||   153
       Headbutt          |     9 |    28 |    65 |    69 ||   171
       Hand axe          |       |    22 |   293 |   280 ||   595
Invok: Ancestor Life: Ba |       |       |     1 |       ||     1
  Use: Scroll            |       |       |     6 |    10 ||    16
       Potion            |       |       |       |     1 ||     1
 Stab: Distracted        |       |       |     2 |     3 ||     5
Armor: Scale mail        |    22 |    24 |   104 |    11 ||   161
       Ring mail         |       |    11 |       |    67 ||    78
       Chain mail        |       |    16 |       |       ||    16
Dodge: Dodged            |    19 |    46 |    70 |    98 ||   233
Block: Buckler           |    11 |    19 |    51 |    71 ||   152

Table legend: (Time is in decaauts)
 A = Elapsed time spent in this place.
 B = Non-inter-level travel time spent in this place.
 C = Inter-level travel time spent in this place.
 D = Time resting spent in this place.
 E = Time spent auto-exploring this place.
 F = Levels seen in this place.
 G = Mean time per level.
                   A        B        C        D        E       F      G
               +--------+--------+--------+--------+--------+-----+--------+
         Total |  12863 |  11955 |    908 |    235 |   9717 |  15 |  857.5 |
       Dungeon |  11024 |  10166 |    858 |    235 |   8369 |  11 | 1002.2 |
        Temple |    175 |    163 |     12 |      0 |    131 |   1 |  175.0 |
          Lair |   1394 |   1356 |     38 |      0 |   1057 |   2 |  697.0 |
       Ossuary |    269 |    269 |      0 |      0 |    160 |   1 |  269.0 |
               +--------+--------+--------+--------+--------+-----+--------+

Top non-repeatable levels by time:
     D:5: 1658 daAuts
     D:4: 1631 daAuts
     D:3: 1259 daAuts
     D:7: 1231 daAuts
     D:8: 976 daAuts
    D:10: 891 daAuts
     D:9: 822 daAuts
  Lair:1: 718 daAuts
     D:2: 708 daAuts
    D:11: 679 daAuts
  Lair:2: 676 daAuts
     D:1: 610 daAuts
     D:6: 553 daAuts
 Ossuary: 269 daAuts
  Temple: 175 daAuts
